 Dungeon Crawl Stone Soup version 0.28.0-43-g3370ac3207 (webtiles) character file.

Game seed: 5400859124811232859

186 Zonian the Chiller (level 5, -4/33 (35) HPs)
             Began as a Demonspawn Ice Elementalist on Mar 6, 2022.
             Was a Believer of Wu Jian.
             Slain by an iguana (11 damage)
             ... on level 4 of the Dungeon.
             The game lasted 00:09:23 (4631 turns).

Zonian the Chiller (Demonspawn Ice Elementalist)    Turns: 4631, Time: 00:09:24

HP:   -4/33 (35)    AC:  4    Str:  8    XL:     5   Next: 38%
MP:   8/9           EV: 13    Int: 19    God:    Wu Jian [**....]
Gold: 125           SH:  0    Dex: 15    Spells: 3/10 levels left

rFire   x . .      SeeInvis .   d - +0 short sword (venom)
rCold   + . .      Faith    .   (no shield)
rNeg    . . .      Spirit   .   a - +0 robe
rPois   .          Reflect  .   (no helmet)
rElec   .          Harm     .   (no cloak)
rCorr   .          Rampage  .   i - +1 pair of gloves
Will    .....                   (no boots)
Stlth   +++.......              (no amulet)
HPRegen 0.11/turn               f - ring of ice
MPRegen 0.11/turn               (no ring)

@: drained
A: thin skeletal structure 1, powered by pain 1, weakness stinger 1
a: Renounce Religion, Wall Jump


You were on level 4 of the Dungeon.
You worshipped Wu Jian.
Wu Jian was pleased with you.
You visited 1 branch of the dungeon, and saw 4 of its levels.

You collected 125 gold pieces.

Inventory:

Hand Weapons
 d - a +0 short sword of venom (weapon)
 e - a +1 hand axe of electrocution
Missiles
 m - 17 sling bullets
Armour
 a - a +0 robe (worn)
 i - a +1 pair of gloves (worn)
Jewellery
 b - a +6 ring of strength
 f - a ring of ice (left hand)
Potions
 g - a potion of mutation
 h - a potion of heal wounds
 j - 2 potions of invisibility
 k - a potion of lignification


   Skills:
 + Level 1.4 Short Blades
 + Level 2.8 Dodging
 + Level 3.0 Stealth
 + Level 3.0 Spellcasting
 + Level 4.2 Ice Magic


You had 3 spell levels left.
You knew the following spells:

 Your Spells              Type           Power      Damage    Failure   Level
a - Freeze                Ice            100%       1d11      2%          1
b - Frozen Ramparts       Ice            56%        1d7       8%          3
c - Ozocubu's Armour      Ice            28%        N/A       8%          3

Your spell library contained the following spells:

 Spells                   Type           Power      Damage    Failure   Level
 Animate Skeleton         Necr           4%         N/A       16%         1
 Apportation              Tloc           4%         N/A       16%         1
 Beastly Appendage        Tmut           4%         N/A       16%         1
 Summon Small Mammal      Summ           8%         N/A       16%         1
 Wereblood                Tmut           2%         N/A       22%         2
 Spider Form              Tmut/Pois      2%         N/A       41%         3
 Hailstorm                Conj/Ice       16%        3d6       54%         4
 Malign Gateway           Summ/Tloc      1%         N/A       100%        7
 Summon Horrible Things   Summ           1%         N/A       100%        8


Dungeon Overview and Level Annotations

Branches:
Dungeon (4/15)
 Temple: D:4-7

Altars:
Cheibriados
Wu Jian


Innate Abilities, Weirdness & Mutations

You have a somewhat thin skeletal structure. (Dex +2, Stealth+)
You sometimes gain a little power by taking damage.
You have a small tail.


Message History

You now have 125 gold pieces (gained 13).
A wight comes into view. It is wielding a +4 hand axe.
Okay, then.
Found a shiny pearl ring.
Found a shortbow.
Found 11 gold pieces.
Found a shiny ring mail and 16 gold pieces.
A ball python comes into view.
Found a hunting sling.
Found a cloak.
You see here a +6 ring of strength.
b - a +6 ring of strength The wight hits you with a +5 war axe.
The wight hits you with a +4 hand axe!
You feel drained.
As you read the scroll of teleportation, it crumbles to dust.
You feel strangely unstable. The wight hits you with a +5 war axe.
The wight hits you with a +4 hand axe!
* * * LOW HITPOINT WARNING * * *
You feel drained.
* * * LOW HITPOINT WARNING * * *
Unknown command.
A wight comes into view. It is wielding a +0 halberd.
A ball python comes into view.
Found a fuming brown potion.
Your surroundings suddenly seem different.
An iguana comes into view.
The ball python moves out of view.
Unknown command.
The iguana hisses angrily.
A wight comes into view. It is wielding a +0 spear.
The wight moves out of view.
Casting: Freeze (safe; 2% risk of failure)
Confirm with . or Enter, or press ? or * to list all spells.
Aiming: Freeze (safe; 2% risk of failure)
Press: ? - help, Shift-Dir - straight line, f - iguana
Aim: an iguana You feel a surge of power!
You freeze the iguana.
The iguana is moderately wounded.
The iguana bites you!
You die...

...z...[.. ...
............ .. ..
.........# ..#.
....S..... ##.#.
.. .... ###. #..
#.. #.# #.#
###@#####.##.##
#...l.........#
#....##..........#
##.## #..........#
# #..........#
#..........#
#..........#
############


You could see an iguana.

Vanquished Creatures
  A howler monkey (D:3)
  A howler monkey skeleton (D:3)
  5 adders
  An adder skeleton (D:3)
  2 worms (D:2)
  2 dart slugs (D:3)
  2 orcs (D:3)
  5 ball pythons
  7 endoplasms
  3 giant cockroaches
  8 goblins
  13 hobgoblins
  6 jackals
  2 quokkas
  5 bats
  3 frilled lizards
  5 kobolds
  4 rats
75 creatures vanquished.

Vanquished Creatures (others)
  3 demonic plants (D:1)
  4 fungi (D:1)
  5 plants (D:1)
12 creatures vanquished.

Grand Total: 87 creatures vanquished

Notes
Turn   | Place    | Note
-------+----------+-------------------------------------------
     0 | D:1      | Zonian the Demonspawn Ice Elementalist began the quest for
                  | the Orb.
     0 | D:1      | Reached XP level 1. HP: 13/13 MP: 3/3
   959 | D:1      | Found a faded altar of an unknown god.
   970 | D:1      | Gained mutation: You sometimes gain a little power by
                  | taking damage. [demonic ancestry]
   970 | D:1      | Reached XP level 2. HP: 17/19 MP: 0/5
  1511 | D:1      | Prayed at the altar of an unknown god.
  1511 | D:1      | Became a worshipper of the Wu Jian Council
  1511 | D:1      | Reached * piety under Wu Jian
  1864 | D:1      | Gained mutation: You have a small tail. [demonic ancestry]
  1864 | D:1      | Reached XP level 3. HP: 24/24 MP: 6/6
  2690 | D:2      | Reached ** piety under Wu Jian
  2693 | D:2      | Reached skill level 4 in Ice Magic
  2927 | D:2      | Gained mutation: You have a somewhat thin skeletal
                  | structure. (Dex +2, Stealth+) [demonic ancestry]
  2927 | D:2      | Reached XP level 4. HP: 25/30 MP: 4/7
  3100 | D:2      | Reached skill level 1 in Short Blades
  3254 | D:2      | Learned a level 3 spell: Frozen Ramparts
  3258 | D:2      | Learned a level 3 spell: Ozocubu's Armour
  3492 | D:3      | Found a faded altar of an unknown god.
  3836 | D:3      | Reached XP level 5. HP: 30/35 MP: 9/9
  3892 | D:3      | Found a snail-covered altar of Cheibriados.
  4115 | D:4      | Noticed an ogre
  4631 | D:4      | Slain by an iguana

Illustrated notes

Levels and vault maps discovered:
D:1:      scummos_arrival_forest, layout_loops_ring,
          shapermc_ecumenical_altar_gd, minmay_strange_pillars,
          minmay_pentomino_s2
D:2:      layout_loops_ring
D:3:      layout_basic, nicolae_overflow_ecumenical_swirl
D:4:      layout_rooms, patterned_corridor

Skill      XL: |  1  2  3  4  5 |
---------------+----------------+-----
Stealth        | 2 3 |  3.0
Dodging        | 2 |  2.8
Ice Magic      | 4 |  4.2
Short Blades   | 1 |  1.4
Spellcasting   | 3 |  3.0

Action                   |  1- 3 |  4- 6 || total
-------------------------+-------+-------++-------
Melee: Unarmed           |    30 |       ||    30
       Short sword       |    66 |    50 ||   116
       Tailslap          |    13 |     7 ||    20
       Punch             |     1 |     2 ||     3
 Cast: Freeze            |    33 |    10 ||    43
Invok: Lunge             |    14 |     9 ||    23
       Whirlwind         |     3 |       ||     3
  Use: Scroll            |     2 |     8 ||    10
 Stab: Sleeping          |     5 |    10 ||    15
       Distracted        |     1 |     1 ||     2
Armor: Robe              |    27 |    10 ||    37
Dodge: Dodged            |    93 |    33 ||   126
